 Dungeon Crawl Stone Soup version 0.30-a0-58-gc0703345a7 (webtiles) character file.

Game seed: 8530877922025111219

494 drugrobin the Trooper (level 6, -4/57 HPs)
             Began as a Demigod Delver on Sept 12, 2022.
             Slain by an ogre
             ... wielding a +0 giant spiked club
              (24 damage)
             ... on level 5 of the Dungeon.
             The game lasted 00:09:27 (5261 turns).

drugrobin the Trooper (Demigod Delver)              Turns: 5261, Time: 00:09:28

Health: -4/57      AC:  8    Str: 21    XL:     6   Next: 60%
Magic:  11/11      EV:  8    Int: 12    God:
Gold:   264        SH:  0    Dex: 15    Spells: 4/8 levels left

rFire   . . .      SeeInvis .    b - +1 short sword (venom)
rCold   . . .      Faith    .    (no shield)
rNeg    . . .      Spirit   .    i - +0 chain mail
rPois   .          Reflect  .    (no helmet)
rElec   .          Harm     .    (no cloak)
rCorr   .          Rampage  .    (no gloves)
Will    .....                    (no boots)
Stlth   ..........               A - amulet of magic regeneration
HPRegen 0.19/turn                (no ring)
MPRegen 0.52/turn                (no ring)

@: no status effects
A: high MP 1, forlorn, divine attributes
a: no special abilities


You were on level 5 of the Dungeon.
You visited 1 branch of the dungeon, and saw 5 of its levels.

You collected 264 gold pieces.

Inventory:

Hand Weapons
 a - the +8 whip "Ukidghee" {drain, rElec rPois}
   (You found it on level 3 of the Dungeon)

   A truly terrible weapon, it drains the life of any living foe it strikes.
   rElec:     It insulates you from electricity.
   rPois:     It protects you from poison.
 b - a +1 short sword of venom (weapon)
 c - a +0 sling
 o - a +0 short sword
 r - a +1 dagger of venom
 s - a +4 short sword
Armour
 i - a +0 chain mail (worn)
 k - a +0 leather armour
Magical Staves
 q - a staff of earth
Jewellery
 A - an amulet of magic regeneration (around neck)
Wands
 g - a wand of digging (3)
 m - a wand of roots (15)
Scrolls
 d - a scroll of magic mapping
 e - a scroll of fear
 h - 2 scrolls of butterflies {unknown}
 j - a scroll of identify
 l - 3 scrolls of blinking {unknown}
 n - a scroll of enchant weapon
 w - 4 scrolls of teleportation {unknown}
 x - a scroll of noise {unknown}
 y - 2 scrolls of immolation
 C - a scroll of poison {unknown}
 F - a scroll of fog
Potions
 f - a potion of haste
 p - a potion of degeneration {unknown}
 t - a potion of might {unknown}
 u - a potion of lignification {unknown}
 v - a potion of brilliance
 z - 2 potions of invisibility {unknown}
 B - a potion of cancellation {unknown}
 D - a potion of berserk rage {unknown}
 E - a potion of curing {unknown}


   Skills:
 + Level 5.9 Fighting
 - Level 3.7 Short Blades
 - Level 1.7 Dodging
 - Level 4.5 Stealth
 + Level 1.8 Spellcasting


You had 4 spell levels left.
You knew the following spells:

 Your Spells              Type           Power      Damage    Failure   Level
a - Slow                  Hex            4%         N/A       97%         1
b - Confusing Touch       Hex            1%         N/A       100%        3

Your spell library contained the following spells:

 Spells                   Type           Power      Damage    Failure   Level
 Summon Small Mammal      Summ           4%         N/A       97%         1
 Call Canine Familiar     Summ           1%         N/A       100%        3
 Conjure Flame            Conj/Fire      1%         6-21      100%        3
 Ignite Poison            Fire/Tmut/Pois 1%         N/A       100%        3
 Summon Guardian Golem    Hex/Summ       1%         N/A       100%        3
 Vampiric Draining        Necr           1%         2d6       100%        3
 Olgreb's Toxic Radiance  Pois           1%         N/A       100%        4
 Sticky Flame             Conj/Fire      1%         2d3       100%        4
 Ozocubu's Refrigeration  Ice            0%         4d7       100%        7
 Ignition                 Fire           0%         3d3       100%        8


Dungeon Overview and Level Annotations

Branches:
Dungeon (5/15)             Temple (0/1) D:5

Annotations:
D:5 1 runed translucent door, crescentfresh's ghost, amateur OpVM


Innate Abilities, Weirdness & Mutations

You have an increased reservoir of magic. (+10% MP)
You shall have no god before yourself.
Your divine heritage dramatically boosts your attributes as you level up.


Message History

Aiming: Fastroot
Press: ? - help, Shift-Dir - straight line The roots erupt in riotous growth!
Roots grab the ogre.
The grasping roots constrict the ogre.
The ogre struggles to escape constriction.
Unknown command.
Unknown command.
Unknown command.
Unknown command.
Okay, then.
Okay, then.
Unknown command.
Okay, then.
Okay, then.
The grasping roots constrict the ogre!
The roots release their grip on the ogre.
Aiming: Fastroot
Press: ? - help, Shift-Dir - straight line The roots erupt in riotous growth!
Roots grab the ogre.
The grasping roots constrict the ogre.
The ogre escapes!
Unknown command.
Unknown command.
Aiming: Fastroot
Press: ? - help, Shift-Dir - straight line The roots erupt in riotous growth!
Roots grab the ogre.
The grasping roots constrict the ogre!
The ogre escapes!
Unknown command.
You barely miss the ogre.
The ogre is almost dead.
The ogre hits you with a +0 giant spiked club!!!
Ouch! That really hurt!
You hit the ogre but do no damage.
The ogre is almost dead.
You hit the ogre.
The ogre is poisoned.
The ogre is almost dead.
The ogre hits you with a +0 giant spiked club!!
You die...

# #............#.#####.# #
#.####..####.#.##....# ..
#.....#.#.##.######## ##
#.#.#.#.#....# #.....
#.>...#.#..#####.###.
.###.#.....#.#........# #.
###
.....#.....#.#...########.
..#
..........##.#.#.#......#.
..#
........O@.....#.#........
..#
#..........###.#.#<...#.##
..#
#........>.....#...##.#.#
..#
#.....................#.#
..#
#.........########.####.##
..# #####...### #.# #...
..# #.#.##########.#######
..# #.#...................
.##
##.############.#######


You could see an ogre (very poisoned).

Vanquished Creatures
  An ice beast (D:5)
  A hound (D:4)
  2 orc priests (D:4)
  2 orc wizards (D:4)
  3 iguanas
  5 adders
  A white imp (D:5)
  2 worms (D:3)
  3 dart slugs
  16 orcs
  6 bats
  8 endoplasms
  4 giant cockroaches
  6 goblins
  7 hobgoblins
  16 jackals
  2 quokkas
  5 ball pythons
  5 frilled lizards
  10 kobolds
  6 rats
111 creatures vanquished.

Notes
Turn   | Place    | Note
-------+----------+-------------------------------------------
     0 | D:5      | drugrobin the Demigod Delver began the quest for the Orb.
     0 | D:5      | Reached XP level 1. HP: 18/18 MP: 3/3
     3 | D:5      | Noticed an ogre
   246 | D:3      | Reached XP level 2. HP: 20/25 MP: 4/4
   696 | D:3      | Reached XP level 3. HP: 24/30 MP: 5/5
   858 | D:3      | Identified the +8 whip "Ukidghee" {drain, rElec rPois}
  1332 | D:4      | Reached skill level 3 in Fighting
  1332 | D:4      | Reached XP level 4. HP: 32/38 MP: 6/6
  2035 | D:4      | Reached skill level 4 in Fighting
  2038 | D:4      | Reached XP level 5. HP: 32/47 MP: 7/7
  2360 | D:4      | Reached skill level 5 in Fighting
  3325 | D:1      | Reached XP level 6. HP: 53/56 MP: 8/8
  4423 | D:5      | Found a staircase to the Ecumenical Temple.
  4671 | D:5      | Reached skill level 1 in Spellcasting
  5151 | D:5      | Learned a level 1 spell: Slow
  5155 | D:5      | Learned a level 3 spell: Confusing Touch
  5190 | D:5      | Found a runed translucent door.
  5190 | D:5      | Noticed a yak
  5191 | D:5      | Noticed crescentfresh's ghost (amateur OpVM)
  5261 | D:5      | Slain by an ogre

Illustrated notes

Levels and vault maps discovered:
D:1:      grunt_arrival_lava_bath, layout_loops_ring,
          hellmonk_ecumenical_altar_zigzags
D:2:      layout_basic, corner_web_ring
D:3:      layout_loops_ring, nrook_mini_backslash
D:4:      layout_cave_pods, minitemple
D:5:      layout_basic, minmay_temple_entry_mist, ebering_ghost_inner_flame,
          uniq_menkaure

Skill      XL: |  1  2  3  4  5  6 |
---------------+-------------------+-----
Short Blades   | 2 3 |  3.7
Fighting       | 3 4 5 |  5.9
Spellcasting   | 1 |  1.8
Dodging        | |  1.7
Stealth        | |  4.5

Action                   |  1- 3 |  4- 6 || total
-------------------------+-------+-------++-------
Melee: Short sword       |   105 |   251 ||   356
       Whip              |     6 |    10 ||    16
       Punch             |     1 |     4 ||     5
Evoke: Wand              |       |     5 ||     5
  Use: Scroll            |       |     1 ||     1
       Potion            |       |     1 ||     1
 Stab: Sleeping          |     2 |       ||     2
Armor: Chain mail        |    46 |   137 ||   183
       Leather armour    |     1 |       ||     1
Dodge: Dodged            |    39 |   109 ||   148

Table legend: (Time is in decaauts)
 A = Elapsed time spent in this place.
 B = Non-inter-level travel time spent in this place.
 C = Inter-level travel time spent in this place.
 D = Time resting spent in this place.
 E = Time spent auto-exploring this place.
 F = Levels seen in this place.
 G = Mean time per level.
                   A        B        C        D        E       F      G
               +--------+--------+--------+--------+--------+-----+--------+
         Total |   5236 |   5026 |    210 |    583 |   3454 |   5 | 1047.2 |
       Dungeon |   5236 |   5026 |    210 |    583 |   3454 |   5 | 1047.2 |
               +--------+--------+--------+--------+--------+-----+--------+

Top non-repeatable levels by time:
     D:4: 1344 daAuts
     D:3: 1211 daAuts
     D:2: 1000 daAuts
     D:5: 956 daAuts
     D:1: 724 daAuts
